 Dungeon Crawl Stone Soup version 0.31-a0-1204-ge2c1a860ed (webtiles) character file.

Game seed: 1094460717676299202

393 backslashecho the Insei (level 7, -16/57 HPs)
             Began as a Meteoran Shapeshifter on Dec 12, 2023.
             Was an Initiate of Wu Jian.
             Demolished by an ogre
             ... wielding a +0 giant club
              (22 damage)
             ... on level 6 of the Dungeon.
             The game lasted 00:10:22 (2122 turns).

backslashecho the Insei (Meteoran Shapeshifter)     Turns: 2122, Time: 00:10:22

Health: -16/57     AC:  6    Str: 15    XL:     7   Next: 30%
Magic:  8/8        EV: 13    Int: 12    God:    Wu Jian [......]
Gold:   210        SH:  0    Dex: 16    Spells: 6/6 levels left

rFire   . .          .
                       - Unarmed
rCold   . . .        (no shield)
rNeg    . . .        a - +0 animal skin
rPois   .            (helmet currently unavailable)
rElec   .            (cloak currently unavailable)
rCorr   .            (gloves currently unavailable)
SInv    .            (boots currently unavailable)
Will    .....        (no amulet)
Stlth   +            r - +4 ring of protection
HPRegen 0.29/turn    (no ring)
MPRegen 0.11/turn

%: no passive effects
@: beast-form, glowing
A: beast (slay +2), sense surroundings 1, otherworldly, glowing, explore regen
a: Begin Untransformation, Renounce Religion


You were on level 6 of the Dungeon.
You worshipped Wu Jian.
Wu Jian was noncommittal.
You were a hulking beast.
You visited 2 branches of the dungeon, and saw 8 of its levels.

You collected 210 gold pieces.

Inventory:

Missiles
 v - 4 curare-tipped darts
Armour
 a - a +0 animal skin (worn)
 n - the +0 robe of Zyifeofetiku {Int+3}
   (You found it on level 2 of the Dungeon)

   Int+3:     It affects your intelligence (+3).
 t - a +0 pair of gloves
 A - the +4 kite shield "Yxaaco" {rPois Int+3 Stlth+}
   (You found it on level 6 of the Dungeon)

   Int+3:     It affects your intelligence (+3).
   rPois:     It protects you from poison Stlth+: It makes you more stealthy.
Jewellery
 r - a +4 ring of protection (left hand)
 y - the ring "Kusa" {Ice Str+3 Dex+2 SInv}
   (You found it on level 7 of the Dungeon)

   [ring of ice]

   Ice:       It enhances your ice magic.
   Str+3:     It affects your strength (+3).
   Dex+2:     It affects your dexterity (+2).
   rF-:       It makes you vulnerable to fire.
   rC+:       It protects you from cold.
   SInv:      It lets you see invisible.
Talismans
 c - a beast talisman
 d - a flux talisman
 e - a granite talisman
Scrolls
 g - a scroll of revelation {unknown}
 h - 5 scrolls of identify {unknown}
 m - 2 scrolls of teleportation {unknown}
 p - a scroll of acquirement {unknown}
 q - 2 scrolls of noise {unknown}
 s - 3 scrolls of vulnerability {unknown}
 u - 3 scrolls of enchant weapon {unknown}
Potions
 b - a potion of lignification
 f - a potion of haste {unknown}
 i - 3 potions of degeneration {unknown}
 j - 3 potions of curing {unknown}
 k - a potion of berserk rage {unknown}
 l - 2 potions of mutation {unknown}
 o - a potion of heal wounds {unknown}
 w - 2 potions of enlightenment {unknown}
 x - a potion of might {unknown}
 z - a potion of ambrosia {unknown}


   Skills:
 + Level 3.2 Fighting
 + Level 3.9 Dodging
 * Level 6.3 Unarmed Combat
 + Level 4.9 Shapeshifting


You had 6 spell levels left.
You didn't know any spells.
Your spell library was empty.

Dungeon Overview and Level Annotations

Branches:
Dungeon (7/15) Zot: 2117   Temple (1/1) D:4 Zot: 575

Altars:
Ashenzari
Cheibriados
Dithmenos
Elyvilon
Fedhas
Gozag
Hepliaklqana
Kikubaaqudgha
Makhleb
Okawaru
Qazlal
Ru
Sif Muna
Trog
Uskayaw
Vehumet
Wu Jian
Xom
Zin
The Shining One

Annotations:
D:3 2 transporters


Innate Abilities, Weirdness & Mutations

You are a hulking beast.
Your limbs bulge with bestial killing power. (Slay +2)
You passively map a small area around you.
You are easily found by Zot.
You glow in the dark.
You regain HP and MP as you explore.


Message History

Found a transparent turquoise ring.
There is a stone staircase leading up here.
Unknown command.
y - the ring "Kusa" {Ice Str+3 Dex+2 SInv}
There is a stone staircase leading up here.
You climb upwards.
There is a stone staircase leading down here.
There is a stone staircase leading down here.
You climb downwards.
Found 24 gold pieces.
There is a stone staircase leading up here.
Okay, then.
You climb upwards.
There is a stone staircase leading down here.
You now have 191 gold pieces (gained 6).
Found a fuming inky potion.
z - a fuming inky potion
Found a warped kite shield.
A - the +4 kite shield "Yxaaco" {rPois Int+3 Stlth+}
Found a trident.
Found 11 gold pieces.
You now have 202 gold pieces (gained 11).
There is a stone staircase leading up here.
Found 8 gold pieces.
You now have 210 gold pieces (gained 8).
The ogre shouts!
You hear a shout!
An ogre is nearby!
You punch the ogre!
The ogre is moderately wounded.
The ogre hits you with a +0 giant club!!
An ufetubus comes into view.
You take 21 damage, and have 36/57 hp.
MASSIVE DAMAGE!!
You punch the ogre!
The ogre is severely wounded.
The ogre hits you with a +0 giant club!!
Ouch! That really hurt!
* * * LOW HITPOINT WARNING * * *
You take 30 damage, and have 6/57 hp.
MASSIVE DAMAGE!!
You closely miss the ogre.
The ogre is severely wounded.
Okay, then.
Throw: 5 darts (curare)
Press: ? - help, Shift-Dir - straight line, f - ogre
Aim: an ogre, wielding a +0 giant club (severely wounded, 76% to hit)
You throw a curare-tipped dart. The curare-tipped dart hits the ogre.
The ogre is poisoned.
The ogre convulses.
The ogre seems to slow down.
The ogre is almost dead.
The ogre hits you with a +0 giant club!!
You die...

# ###### , ...
.....# , ...
####.# * * *#.#
#.# #.# #.# #5#
#.# #.# #.# #O#
#.# #h# ## #.#
#########.# .. #.#
#.........#
#.##.###.#########
#......#.#
#..#.#.#.#
#...)..<.#
##(#.#.###
.).....#


You could see an ogre (very poisoned, slow) and an ufetubus.

Vanquished Creatures
  An ogre (D:5)
  A bullfrog (D:4)
  A jelly (D:5)
  A hound (D:5)
  An iguana (D:3)
  Robin (D:4)
  5 adders
  2 gnolls (D:5)
  A white imp (D:5)
  4 dart slugs
  7 orcs (D:6)
  5 bats
  3 endoplasms
  8 goblins
  8 hobgoblins
  2 quokkas
  8 ball pythons
  2 frilled lizards
  4 kobolds
  7 rats
72 creatures vanquished.

Notes
Turn   | Place    | Note
-------+----------+-------------------------------------------
     0 | D:1      | backslashecho the Meteoran Shapeshifter began the quest for
                  | the Orb.
     0 | D:1      | Reached XP level 1. HP: 16/16 MP: 2/2
   105 | D:1      | Reached XP level 2. HP: 9/23 MP: 3/3
   180 | D:1      | Reached skill level 4 in Unarmed Combat
   239 | D:1      | Reached XP level 3. HP: 28/28 MP: 4/4
   759 | D:3      | Found a transporter.
   848 | D:2      | Identified the +0 robe of Zyifeofetiku {Int+3}
   897 | D:2      | Reached XP level 4. HP: 36/36 MP: 5/5
   991 | D:3      | Found a transporter.
  1011 | D:3      | Found a stormy altar of Qazlal.
  1017 | D:3      | Found a blossoming altar of Fedhas.
  1150 | D:3      | Found a glowing silver altar of Zin.
  1179 | D:3      | Reached XP level 5. HP: 26/41 MP: 6/6
  1207 | D:4      | Found a staircase to the Ecumenical Temple.
  1215 | D:4      | Found a shadowy altar of Dithmenos.
  1215 | D:4      | Found a hazy altar of Hepliaklqana.
  1219 | Temple   | Entered the Ecumenical Temple
  1234 | Temple   | Became a worshipper of the Wu Jian Council
  1248 | D:4      | Found an opulent altar of Gozag.
  1250 | D:4      | Found a hide-covered altar of Uskayaw.
  1251 | D:4      | Found a radiant altar of Vehumet.
  1263 | D:4      | Noticed a bullfrog
  1274 | D:4      | Killed a bullfrog
  1275 | D:4      | Reached skill level 5 in Unarmed Combat
  1275 | D:4      | Reached XP level 6. HP: 33/50 MP: 7/7
  1338 | D:4      | Noticed Robin
  1356 | D:4      | Killed Robin
  1461 | D:4      | Found an iron altar of Okawaru.
  1477 | D:5      | Entered Level 5 of the Dungeon
  1726 | D:6      | Noticed an ogre
  1796 | D:5      | Noticed a yak
  1796 | D:5      | Noticed a centaur
  1796 | D:5      | Noticed a hornet
  1829 | D:5      | Reached skill level 6 in Unarmed Combat
  1847 | D:5      | Noticed an ogre
  1861 | D:5      | Killed an ogre
  1862 | D:5      | Reached XP level 7. HP: 57/57 MP: 8/8
  2017 | D:7      | Identified the ring "Kusa" {Ice Str+3 Dex+2 SInv}
  2073 | D:6      | Identified the +4 kite shield "Yxaaco" {rPois Int+3 Stlth+}
  2122 | D:6      | Demolished by an ogre

Illustrated notes

Levels and vault maps discovered:
D:1:      dpeg_arrival_long_road, layout_rooms
D:2:      layout_basic, kennysheep_big_empty_room, bh_walls_and_bars
D:3:      gammafunk_wand_slinger, layout_rooms,
          grunt_temple_overflow_forces_of_nature, zin_scriptorium,
          kennysheep_cross_bottleneck, uniq_jessica, uniq_crazy_yiuf_cottage,
          uniq_sigmund
D:4:      layout_gridville, okawaru_metal_pillars_1_2,
          grunt_temple_overflow_open, minmay_temple_entry_overgrown, uniq_pikel,
          uniq_robin
D:5:      layout_cave_pools, lightli_corner_chamber
D:6:      layout_loops_ring, hangedman_decor_lopped
D:7:      layout_gridville
Temple:   nicolae_temple_ecumenical_triangle

Skill      XL: |  1  2  3  4  5  6 |
---------------+-------------------+-----
Unarmed Combat | 4 5 6 |  6.3
Shapeshifting  | 4 |  4.9
Fighting       | 2 3 |  3.2
Dodging        | 3 |  3.9

Action                     |  1- 3 |  4- 6 |  7- 9 || total
---------------------------+-------+-------+-------++-------
  Melee: Unarmed           |    65 |   113 |    17 ||   195
         Punch             |     2 |     2 |     2 ||     6
  Throw: Dart              |       |     1 |     1 ||     2
Ability: Lunge             |       |     4 |     2 ||     6
 Armour: Animal skin       |    41 |    48 |     7 ||    96
  Dodge: Dodged            |    48 |    65 |     6 ||   119

Table legend: (Time is in decaauts)
 A = Elapsed time spent in this place.
 B = Non-inter-level travel time spent in this place.
 C = Inter-level travel time spent in this place.
 D = Time resting spent in this place.
 E = Time spent auto-exploring this place.
 F = Levels seen in this place.
 G = Mean time per level.
                   A        B        C        D        E       F      G
               +--------+--------+--------+--------+--------+-----+--------+
         Total |   2105 |   2029 |     76 |    117 |    294 |   8 |  263.1 |
       Dungeon |   2081 |   2005 |     76 |    117 |    294 |   7 |  297.3 |
        Temple |     24 |     24 |      0 |      0 |      0 |   1 |   24.0 |
               +--------+--------+--------+--------+--------+-----+--------+

Top non-repeatable levels by time:
     D:2: 713 daAuts
     D:5: 425 daAuts
     D:4: 313 daAuts
     D:1: 256 daAuts
     D:3: 209 daAuts
     D:6: 153 daAuts
  Temple: 24 daAuts
     D:7: 10 daAuts
